 Dungeon Crawl Stone Soup version 0.21.0-3-g78d12a8 (webtiles) character file.

81311 sollaires the Severer (level 15, -20/144 HPs)
             Began as a Deep Dwarf Fighter on Jan 10, 2018.
             Was the Champion of Makhleb.
             Demolished by an orc warrior
             ... wielding a +0 glaive
              (24 damage)
             ... on level 2 of the Orcish Mines on Jan 11, 2018.
             The game lasted 01:38:11 (17820 turns).

sollaires the Severer (Deep Dwarf Fighter)         Turns: 17820, Time: 01:38:11

Health: -20/144    AC:  6    Str: 30    XL:     15   Next: 26%
Magic:  8/8        EV:  6    Int:  9    God:    Makhleb [******]
Gold:   257        SH:  3    Dex: 20    Spells: 14/14 levels left

rFire    . . .     SeeInvis .   a - +5 battleaxe (freeze)
rCold    + . .     Gourm    .   (shield currently unavailable)
rNeg     + + +     Faith    .   v - +0 crystal plate armour "Lugueditu" {rN++ Str+2 Dex+2}
rPois    .         Spirit   .   j - +0 helmet
rElec    .         Reflect  +   T - +2 cloak {rC+}
rCorr    .         Harm     .   c - +2 pair of gloves
MR       ++...                  i - +1 pair of boots {Fly}
Stlth    ..........             o - +3 amulet of reflection
HPRegen  0.00/turn              M - +4 ring of strength
MPRegen  0.11/turn              x - +4 ring of dexterity

@: corroded, flying, non-regenerating, hasted, studying Ice Magic, very quick
A: damage resistance, heal wounds, negative energy resistance 1, sense
surroundings 2, no regeneration
a: Heal Wounds, Minor Destruction, Lesser Servant of Makhleb, Major Destruction,
Greater Servant of Makhleb, Renounce Religion, Stop Flying


You were on level 2 of the Orcish Mines.
You worshipped Makhleb.
Makhleb was exalted by your worship.
You were hungry.

You visited 4 branches of the dungeon, and saw 21 of its levels.
You visited 1 bazaar.
You also visited: Ice Cave.

You collected 2069 gold pieces.
You spent 1812 gold pieces at shops.

Inventory:

Hand Weapons
 a - a +5 battleaxe of freezing (weapon)
   (You took it off a wight on level 10 of the Dungeon)
 b - a +4 battleaxe of flaming
   (You bought it in a shop on level 8 of the Dungeon)
 K - the +8 glaive of the Guard {elec, +Rage AC+5 SInv}
   (You found it on level 6 of the Lair of Beasts)

   Occasionally, upon striking a foe, it will discharge some electrical energy
   and cause terrible harm.
   It affects your AC (+5).
   It lets you see invisible.
   It lets you go berserk.
Armour
 c - a +2 pair of gloves (worn)
   (You found it on level 5 of the Dungeon)
 i - a +1 pair of boots of flying (worn)
   (You bought it in a shop in a bazaar)
 j - a +0 helmet (worn)
   (You found it on level 1 of the Dungeon)
 v - the +0 crystal plate armour "Lugueditu" (worn) {rN++ Str+2 Dex+2}
   (You found it on level 6 of the Lair of Beasts)

   It affects your strength (+2).
   It affects your dexterity (+2).
   It greatly protects you from negative energy.
 T - a +2 cloak of cold resistance (worn)
   (You found it in an ice cave)
Jewellery
 m - an uncursed ring of stealth {Stlth+}
   (You bought it in a shop in a bazaar)
 o - a +3 amulet of reflection (around neck)
   (You found it on level 7 of the Dungeon)
 q - an uncursed ring of protection from cold {rC+, !d}
   (You found it on level 2 of the Dungeon)
 x - a +4 ring of dexterity (right hand)
   (You found it on level 3 of the Lair of Beasts)
 L - an uncursed ring of protection from fire {rF+, !d}
   (You found it on level 9 of the Dungeon)
 M - a +4 ring of strength (left hand)
   (You found it on level 11 of the Dungeon)
 Y - a +5 ring of protection
   (You found it on level 12 of the Dungeon)
Wands
 A - a wand of digging (15)
   (You found it on level 5 of the Dungeon)
 C - a wand of paralysis (16)
   (You took it off a kobold on level 8 of the Dungeon)
 D - a wand of iceblast (31)
   (You found it on level 5 of the Dungeon)
 P - a wand of disintegration (19) {@e1}
   (You found it on level 11 of the Dungeon)
Scrolls
 d - 2 scrolls of fear
 g - 5 scrolls of enchant weapon
 r - 11 scrolls of teleportation
 s - 2 scrolls of amnesia
 u - 2 scrolls of immolation {!r}
 y - 2 scrolls of magic mapping {!r}
 B - a scroll of silence
 O - 5 scrolls of identify
 R - 8 scrolls of remove curse
 V - a scroll of fog
 Z - 2 scrolls of blinking {!r}
Potions
 h - 3 potions of brilliance
 k - 6 potions of resistance
 l - 13 potions of curing
 p - 4 potions of flight
 z - a potion of mutation {!q}
 E - 4 potions of lignification {!q}
 H - a potion of might
 I - 2 potions of heal wounds
 J - a potion of magic
Books
 Q - a manual of Ice Magic {!d}
   (You found it in an ice cave)
 S - a manual of Ice Magic {!d}
   (You found it in an ice cave)
Miscellaneous
 n - a lightning rod (4/4)
   (You found it on level 10 of the Dungeon)
Comestibles
 f - 36 rations {@e1}


   Skills:
 + Level 12.0 Fighting
 - Level 20.0 Axes
 + Level 13.9 Armour
   Level 3.2 Shields
 + Level 5.8 Invocations
 + Level 6.2 Evocations


You had 14 spell levels left.
You didn't know any spells.

Dungeon Overview and Level Annotations

Branches:
Dungeon (12/15)            Temple (1/1) D:7            Lair (6/6) D:10
  Swamp (0/4) Lair:2       Spider (0/4) Lair:4        Slime (0/5) Lair:5
    Orc (2/2) D:12            Elf (0/3) Orc:2

Altars:
Ashenzari
Cheibriados
Dithmenos
Elyvilon
Fedhas
Gozag
Hepliaklqana
Kikubaaqudgha
Makhleb
Nemelex Xobeh
Okawaru
Qazlal
Ru
Sif Muna
Trog
Uskayaw
Vehumet
Wu Jian
Xom
Yredelemnul
Zin
The Shining One
Beogh
Jiyva

Shops:
D:6 ?   D:8 (   D:11 :   D:12 !   Orc:2 !%

Portals:
Trove: D:12 (give +8 demon whip)

Annotations:
D:3 2 transporters


Innate Abilities, Weirdness & Mutations

You are resistant to damage.
You can heal yourself by infusing magical energy.
You resist negative energy. (rN+)
You passively map the area around you.
You do not regenerate.


Message History

You take 22 damage, and have 115/144 hp.
You slash the orc high priest! You freeze the orc high priest.
You slash the orc knight! You freeze the orc knight.
You slice the orc high priest!! You freeze the orc high priest.
You slash the orc knight! You freeze the orc knight.
The orc high priest hits you but does no damage.
The orc knight hits you with a broad axe.
The orc warrior closely misses you.
You hit the orc high priest. You freeze the orc high priest.
You hit the orc knight but do no damage.
You hit the ice devil but do no damage. The ice devil barely misses you.
The orc high priest hits you but does no damage.
You hit the orc high priest. You freeze the orc high priest.
You kill the orc high priest!
Makhleb accepts your kill.
The rust devil disappears in a puff of smoke!
The ice devil disappears in a puff of smoke!
You hit the orc knight. You freeze the orc knight.
The orc warrior completely misses you.
An orc knight comes into view. It is wielding a great mace.
You hit the orc sorcerer. You freeze the orc sorcerer.
You closely miss the orc knight.
The orc knight hits you with a broad axe.
You hit the orc sorcerer but do no damage.
You closely miss the orc knight.
You hit the rust devil but do no damage.
The orc sorcerer hits you but does no damage.
The orc warrior hits you but does no damage.
The rust devil hits you. The rust devil corrodes you!
You closely miss the orc sorcerer. You closely miss the orc knight.
You slice the rust devil!! You freeze the rust devil.
The orc knight hits you with a broad axe!
The orc sorcerer casts a spell at you. You resist with almost no effort.
You take 7 damage, and have 108/144 hp.
You miss the orc sorcerer. You completely miss the rust devil.
You hit the orc knight but do no damage.
You block the rust devil's attack.
The orc warrior hits you but does no damage.
You slash the orc sorcerer! You freeze the orc sorcerer!
You slash the orc knight! You freeze the orc knight.
You hit the rust devil but do no damage.
The orc sorcerer mumbles some strange words.
The orc knight hits you but does no damage.
The rust devil hits you. The rust devil corrodes you!
You barely miss the orc sorcerer. You slash the rust devil!
You freeze the rust devil.
You hit the orc knight but do no damage.
The orc warrior hits you from afar with a glaive!!
The orc sorcerer gestures at you while chanting.
You resist with almost no effort.
You take 16 damage, and have 92/144 hp.
You hit the orc sorcerer. You freeze the orc sorcerer.
You kill the orc sorcerer!
Makhleb accepts your kill.
The ynoxinul disappears in a puff of smoke!
You hit the orc knight but do no damage.
You hit the rust devil. You freeze the rust devil. The rust devil hits you.
The rust devil corrodes you!
The orc knight hits you but does no damage.
The orc knight roars a battlecry!
The orc knight goes into a battle-frenzy!
You hear a shout! x2
An orc sorcerer comes into view. It is wielding a dagger of draining.
The orc sorcerer shouts!
The orc knight no longer looks unusually strong.
The orc warrior hits you with a glaive. The orc knight barely misses you.
The orc knight hits you with a broad axe!!
Items here: ))) [[[ † You take 16 damage, and have 76/144 hp.
You hit the orc knight but do no damage.
You hit the rust devil but do no damage.
You hit the orc knight but do no damage.
You hit the orc warrior. You freeze the orc warrior.
The orc warrior hits you with a glaive. The rust devil hits you.
The rust devil corrodes you!
You slice the orc knight!! You freeze the orc knight.
You hit the rust devil but do no damage.
You hit the orc knight. You freeze the orc knight. You slash the orc warrior!
You freeze the orc warrior.
You hear a shout!
The orc knight hits you with a great mace!!
The orc knight hits you with a broad axe!!
* * * LOW HITPOINT WARNING * * *
You take 43 damage, and have 33/144 hp.
MASSIVE DAMAGE!!
You feel much better. The rust devil hits you. The rust devil corrodes you!
The orc warrior closely misses you.
The orc knight hits you with a great mace!!
* * * LOW HITPOINT WARNING * * *
The orc knight hits you with a broad axe!!
* * * LOW HITPOINT WARNING * * *
You hear a shout!
An orc high priest comes into view. It is wielding a hand axe.
You take 27 damage, and have 6/144 hp.
You feel yourself speed up. The rust devil hits you.
* * * LOW HITPOINT WARNING * * *
The rust devil corrodes you!
The orc warrior hits you with a glaive!!
You die...

.................###...###..##*,,
................###†#.#.###..##*,
§..............###.).#...###)(##*
).............###.))###...###()##
.))).........###...##.##...###))#
))..........###..†##.o.##...)[)).
...........###..)##..#,,##...#)..
.)).......###.#4##..#**,,##....#)
.........###...o@o.#*,∩*,,##.....
........###....o#o##∩,,,,,,##..#.
.........###.......#*,∩*,,##...).
#.........###.#.##..#**,,##....#.
...........###...*#..#,,##.).#)..
............#*#..,*#...*#........
.........#.## ##.,,*#.##...###..#
....#...###.## **,,,*##...#*#..##
#............## **,,,#...#*#..##


You could see 2 orc knights, an orc high priest, a rust devil, an orc sorcerer
and an orc warrior.

Vanquished Creatures
  An orc warlord (Orc:2)
  The ghost of apoch the Minotaur Aeon, a journeyman MiFi of Cheibriados (Orc:2)
  2 hydras
  3 catoblepae (Lair:6)
  4 two-headed ogres
  A centaur warrior (D:12)
  16 death yaks
  2 orc high priests (Orc:2)
  A soul eater (Orc:2)
  The ghost of SimonMoon the Frost Mage, a novice OpIE of Vehumet (D:9)
  A sun demon (Orc:2)
  An unseen horror (D:11)
  An unseen horror (shapeshifter) (D:10)
  A deep elf mage (D:12)
  A necromancer (IceCv)
  3 orc knights (Orc:2)
  2 cyclopes (D:12)
  7 elephants
  4 orc sorcerers (Orc:2)
  3 ugly things
  2 manticores (Lair:6)
  6 black mambas
  A guardian serpent (shapeshifter) (D:9)
  Psyche (D:10)
  An ice statue (IceCv)
  A torpor snail (Lair:6)
  9 rime drakes
  14 spiny frogs
  7 komodo dragons
  10 freezing wraiths (IceCv)
  An ice devil (Orc:2)
  2 hellwings (Orc:2)
  A hornet (D:12)
  A troll (D:9)
  A polar bear (Lair:4)
  Prince Ribbit (D:7)
  A wolf spider simulacrum (IceCv)
  5 dream sheep (Lair:5)
  13 blink frogs
  A slime creature (D:9)
  A tyrant leech (Lair:2)
  8 hippogriffs
  3 wyverns
  67 yaks
  4 basilisks
  2 spriggans (Lair:4)
  Eustachio (D:4)
  A human (D:8)
  4 hogs (D:8)
  Menkaure (D:4)
  2 steam dragons
  A warg (Orc:2)
  An acid dragon (D:12)
  10 water moccasins
  Duvessa (D:4)
  13 porcupines
  4 black bears
  15 ice beasts
  An eye of draining (D:9)
  6 phantoms
  26 orc warriors
  4 sky beasts
  A necrophage (D:12)
  A black bear (shapeshifter) (D:12)
  13 wolves
  6 ogres
  4 centaurs
  16 crocodiles
  A big kobold (D:8)
  Blork the orc (D:5)
  20 bullfrogs
  Dowan (D:4)
  A gnoll sergeant (D:8)
  A wyvern skeleton (D:9)
  3 scorpions
  A water moccasin skeleton (D:6)
  6 killer bees (D:11)
  20 wights
  4 howler monkeys
  10 electric eels
  2 crimson imps
  A bullfrog zombie (D:5)
  3 draconian simulacra (IceCv)
  16 orc priests
  5 hounds
  2 jellies
  19 orc wizards
  4 hell rats (Lair:2)
  2 bullfrog skeletons
  24 worker ants
  8 troll simulacra (IceCv)
  A killer bee zombie (D:9)
  3 polar bear simulacra (IceCv)
  2 centaur simulacra
  2 hound zombies
  3 hound skeletons
  3 worker ant zombies
  3 gnolls (D:8)
  A howler monkey skeleton (D:10)
  3 ogre simulacra (IceCv)
  12 adders
  5 naga simulacra (IceCv)
  5 river rats (Lair:2)
  4 shadow imps
  12 white imps (IceCv)
  4 worms
  3 adder skeletons
  14 dart slugs
  5 leopard geckos
  72 orcs
  2 ball pythons
  4 giant cockroaches
  7 goblins
  9 hobgoblins
  17 jackals
  7 kobolds
  A quokka (D:3)
  7 bats
  4 frilled lizards
  A jackal skeleton (D:6)
  2 leopard gecko zombies (D:5)
  15 rats
  A fungus (Lair:5)
  7 plants
748 creatures vanquished.

Vanquished Creatures (collateral kills)
  2 orcs (Orc:2)
2 creatures vanquished.

Vanquished Creatures (others)
  A vampire (D:12)
  12 fungi
  12 plants
25 creatures vanquished.

Grand Total: 775 creatures vanquished

Notes
Turn   | Place    | Note
-------+----------+-------------------------------------------
     0 | D:1      | sollaires the Deep Dwarf Fighter began the quest for the Orb.
     0 | D:1      | Reached XP level 1. HP: 20/20 MP: 1/1
   210 | D:1      | Reached skill level 3 in Axes
   211 | D:1      | Reached XP level 2. HP: 18/27 MP: 2/2
   731 | D:2      | Reached XP level 3. HP: 30/33 MP: 3/3
   788 | D:2      | Reached skill level 4 in Axes
  1144 | D:3      | Found a transporter.
  1273 | D:3      | Reached XP level 4. HP: 24/40 MP: 4/4
  1358 | D:3      | Reached skill level 5 in Axes
  1573 | D:3      | Found a transporter.
  1910 | D:4      | Noticed Duvessa
  2066 | D:4      | Reached XP level 5. HP: 37/46 MP: 5/5
  2197 | D:4      | Noticed Menkaure
  2250 | D:4      | Noticed Dowan
  2358 | D:4      | Killed Menkaure
  2358 | D:4      | Reached skill level 7 in Axes
  2358 | D:4      | Reached XP level 6. HP: 45/55 MP: 6/6
  2441 | D:5      | Entered Level 5 of the Dungeon
  2486 | D:5      | Found an opulent altar of Gozag.
  2540 | D:5      | Reached skill level 8 in Axes
  2639 | D:5      | Found a sacrificial altar of Ru.
  2866 | D:5      | Reached XP level 7. HP: 53/61 MP: 7/7
  3488 | D:5      | Noticed Blork the orc
  3498 | D:5      | Killed Blork the orc
  3498 | D:5      | Reached skill level 9 in Axes
  3616 | D:6      | Found Ceaxkais's Magic Scroll Emporium.
  3656 | D:6      | Bought a scroll of teleportation for 33 gold pieces
  3656 | D:6      | Bought a scroll of magic mapping for 38 gold pieces
  3656 | D:6      | Bought a scroll of identify for 22 gold pieces
  3749 | D:6      | Found a glowing golden altar of the Shining One.
  3749 | D:6      | Noticed a steam dragon
  3765 | D:6      | HP: 13/61 [steam dragon/ball of steam (16)]
  3770 | D:6      | Killed a steam dragon
  3770 | D:6      | Reached skill level 10 in Axes
  3776 | D:6      | Reached XP level 8. HP: 35/68 MP: 6/6
  3841 | D:6      | Found a sparkling altar of Nemelex Xobeh.
  3868 | D:6      | Found a hide-covered altar of Uskayaw.
  3940 | D:6      | Reached skill level 11 in Axes
  4049 | D:6      | HP: 9/68 [electric eel/bolt of electricity (9)]
  4356 | D:6      | Reached skill level 12 in Axes
  4510 | D:7      | Found a staircase to the Ecumenical Temple.
  4517 | Temple   | Entered the Ecumenical Temple
  4545 | Temple   | Became a worshipper of Makhleb the Destroyer
  5082 | D:7      | Gained mutation: You passively map the area around you. [Deep Dwarf growth]
  5082 | D:7      | Reached XP level 9. HP: 54/74 MP: 4/4
  5507 | D:7      | Reached skill level 13 in Axes
  5596 | D:8      | Noticed Prince Ribbit
  5672 | D:7      | Reached * piety under Makhleb
  5759 | D:7      | Reached skill level 14 in Axes
  5921 | D:8      | Found Pim Em Gip's Antique Weapon Emporium.
  5954 | D:8      | Bought a glowing battleaxe for 209 gold pieces
  6099 | D:8      | Reached skill level 15 in Axes
  6099 | D:8      | Reached XP level 10. HP: 44/81 MP: 2/2
  6105 | D:8      | Reached ** piety under Makhleb
  6442 | D:9      | Noticed a guardian serpent
  6442 | D:9      | a troll changed into a guardian serpent
  6463 | D:9      | Killed a guardian serpent
  6463 | D:9      | Reached skill level 16 in Axes
  6570 | D:9      | Noticed a two-headed ogre
  6612 | D:9      | Found a hazy altar of Hepliaklqana.
  6869 | D:9      | Noticed a two-headed ogre
  6880 | D:9      | Killed a two-headed ogre
  6880 | D:9      | Reached skill level 17 in Axes
  6897 | D:9      | Noticed SimonMoon's ghost (novice OpIE)
  6907 | D:9      | Killed SimonMoon's ghost
  6907 | D:9      | Reached XP level 11. HP: 87/88 MP: 1/1
  7024 | D:7      | Killed Prince Ribbit
  7024 | D:7      | Reached *** piety under Makhleb
  7494 | D:4      | Killed Duvessa
  7500 | D:4      | Killed Dowan
  7658 | D:4      | Noticed Eustachio
  7664 | D:4      | Killed Eustachio
  8071 | D:9      | Killed a two-headed ogre
  8071 | D:9      | Reached skill level 3 in Fighting
  8331 | D:9      | Noticed a two-headed ogre
  8341 | D:9      | Killed a two-headed ogre
  8341 | D:9      | Reached skill level 4 in Armour
  8417 | D:10     | Entered Level 10 of the Dungeon
  8675 | D:10     | Found a staircase to the Lair.
  8683 | D:10     | Reached **** piety under Makhleb
  8684 | D:10     | Noticed Psyche
  8691 | D:10     | Killed Psyche
  8734 | D:10     | Reached skill level 4 in Fighting
  8742 | D:10     | Reached skill level 5 in Armour
  8748 | D:10     | Reached skill level 18 in Axes
  8766 | D:10     | Killed an unseen horror
  9166 | Lair:1   | Entered Level 1 of the Lair of Beasts
  9190 | Lair:1   | Identified a scroll of acquirement
  9403 | Lair:1   | Reached skill level 5 in Fighting
  9403 | Lair:1   | Reached skill level 6 in Armour
  9614 | Lair:1   | Got a transparent trident
  9696 | Lair:1   | Identified the +2 trident of Context {protect, Str+4} (You found it on level 1 of the Lair of Beasts)
 10032 | Lair:2   | Reached XP level 12. HP: 99/103 MP: 0/2
 10055 | Lair:2   | Found a staircase to the Swamp.
 10103 | Lair:2   | Reached skill level 7 in Armour
 10199 | Lair:2   | Reached skill level 6 in Fighting
 10281 | Lair:2   | Reached ***** piety under Makhleb
 10941 | Lair:3   | Reached skill level 8 in Armour
 11035 | Lair:3   | Noticed a seven-headed hydra
 11050 | Lair:3   | Killed a seven-headed hydra
 11173 | Lair:3   | Reached skill level 7 in Fighting
 11847 | Lair:4   | Reached skill level 9 in Armour
 11977 | Lair:4   | Reached skill level 19 in Axes
 12166 | Lair:4   | Found a hole to the Spider Nest.
 12315 | Lair:4   | Reached skill level 8 in Fighting
 12315 | Lair:4   | Reached XP level 13. HP: 107/117 MP: 1/3
 13004 | Lair:5   | Found a staircase to the Slime Pits.
 13117 | Lair:5   | Reached skill level 10 in Armour
 13150 | Lair:5   | Reached ****** piety under Makhleb
 13235 | Lair:5   | Reached skill level 9 in Fighting
 13254 | Lair:5   | Reached skill level 11 in Armour
 13433 | Lair:5   | Found a viscous altar of Jiyva.
 13574 | Lair:6   | Entered Level 6 of the Lair of Beasts
 13831 | Lair:6   | Gained mutation: You resist negative energy. (rN+) [Deep Dwarf growth]
 13831 | Lair:6   | Reached XP level 14. HP: 130/130 MP: 0/4
 13836 | Lair:6   | Reached skill level 10 in Fighting
 13904 | Lair:6   | Reached skill level 20 in Axes
 13933 | Lair:6   | Got a slimy crystal plate armour
 13937 | Lair:6   | Identified the +0 crystal plate armour "Lugueditu" {rN++ Str+2 Dex+2} (You found it on level 6 of the Lair of Beasts)
 14121 | Lair:6   | Reached skill level 12 in Armour
 14296 | Lair:6   | Reached skill level 11 in Fighting
 14326 | Lair:6   | Found the +8 glaive of the Guard {elec, +Rage AC+5 SInv}
 14866 | D:11     | Found a frozen archway.
 14881 | IceCv    | Entered an ice cave
 14902 | IceCv    | Reached skill level 13 in Armour
 14975 | IceCv    | Reached skill level 1 in Evocations
 15010 | IceCv    | Found an ancient bone altar of Kikubaaqudgha.
 15019 | IceCv    | Reached skill level 2 in Evocations
 15124 | IceCv    | Reached skill level 1 in Invocations
 15336 | D:11     | Reached skill level 3 in Evocations
 15426 | D:11     | Found Eleptaf's Book Shop.
 15469 | D:11     | Reached skill level 2 in Invocations
 15554 | D:11     | Found a blossoming altar of Fedhas.
 16120 | D:12     | Found a portal to a secret trove of treasure.
 16214 | D:12     | Found Oquff's Distillery.
 16330 | D:12     | Reached skill level 3 in Invocations
 16410 | D:12     | Found a staircase to the Orcish Mines.
 16421 | D:12     | Reached skill level 4 in Evocations
 16423 | D:12     | Found a roughly hewn altar of Beogh.
 16776 | D:12     | Found a bloodstained altar of Trog.
 17117 | Orc:1    | Entered Level 1 of the Orcish Mines
 17186 | Orc:1    | Reached skill level 4 in Invocations
 17239 | Orc:2    | Entered Level 2 of the Orcish Mines
 17259 | Orc:2    | Noticed apoch's ghost (journeyman MiFi)
 17285 | Orc:2    | Killed apoch's ghost
 17285 | Orc:2    | Reached XP level 15. HP: 125/144 MP: 8/8
 17300 | Orc:2    | Reached skill level 5 in Evocations
 17409 | Orc:2    | Found a staircase to the Elven Halls.
 17455 | Orc:2    | Found a flickering gateway to a bazaar.
 17493 | Bazaar   | Entered a bazaar
 17493 | Bazaar   | Found Amooquc's Distillery.
 17493 | Bazaar   | Found Ipotuetu's Assorted Antiques.
 17493 | Bazaar   | Found Maif's Magic Scroll Emporium.
 17495 | Bazaar   | Found Qeffekae's Armour Emporium.
 17506 | Bazaar   | Bought a scroll of enchant weapon for 60 gold pieces
 17506 | Bazaar   | Bought a scroll of enchant weapon for 60 gold pieces
 17506 | Bazaar   | Bought a scroll of identify for 16 gold pieces
 17506 | Bazaar   | Bought a scroll of enchant weapon for 60 gold pieces
 17506 | Bazaar   | Bought a scroll of blinking for 60 gold pieces
 17509 | Bazaar   | Bought a +1 pair of boots of flying for 198 gold pieces
 17525 | Bazaar   | Bought a potion of curing for 33 gold pieces
 17525 | Bazaar   | Bought 2 potions of curing for 66 gold pieces
 17525 | Bazaar   | Bought a potion of heal wounds for 55 gold pieces
 17525 | Bazaar   | Bought a potion of curing for 33 gold pieces
 17525 | Bazaar   | Bought a potion of curing for 33 gold pieces
 17528 | Bazaar   | Bought a scroll of teleportation for 93 gold pieces
 17528 | Bazaar   | Bought a scroll of enchant weapon for 232 gold pieces
 17528 | Bazaar   | Bought a scroll of enchant weapon for 232 gold pieces
 17528 | Bazaar   | Bought a scroll of identify for 62 gold pieces
 17528 | Bazaar   | Bought a shiny opal ring for 155 gold pieces
 17528 | Bazaar   | Bought a scroll of identify for 62 gold pieces
 17585 | Orc:2    | Noticed an orc warlord
 17597 | Orc:2    | Killed an orc warlord
 17662 | Orc:2    | Found Lyloj's Distillery.
 17669 | Orc:2    | Found Qokaru's Food Emporium.
 17691 | Orc:2    | Reached skill level 5 in Invocations
 17786 | Orc:2    | Reached skill level 6 in Evocations
 17793 | Orc:2    | Reached skill level 12 in Fighting
 17818 | Orc:2    | HP: 33/144 [orc knight/broad axe (24)]
 17819 | Orc:2    | HP: 6/144 [orc knight/broad axe (29)]
 17820 | Orc:2    | Demolished by an orc warrior

Skill      XL: |  1  2  3  4  5  6  7  8  9 10 11 12 13 14 15 |
---------------+----------------------------------------------+-----
Axes           | 3 4 5 7 8 10 12 15 17 18 19 20 | 20.0
Fighting       | 5 8 9 11 12 | 12.0
Armour         | 6 9 11 13 | 13.9
Evocations     | 4 6 |  6.2
Invocations    | 4 5 |  5.8
Shields        | |  3.2

Action                   |  1- 3 |  4- 6 |  7- 9 | 10-12 | 13-15 || total
-------------------------+-------+-------+-------+-------+-------++-------
Melee: War axe           |   119 |   121 |   122 |       |       ||   362
       Battleaxe         |       |       |   237 |   594 |   811 ||  1642
       Trident           |       |       |       |    18 |       ||    18
       Morningstar       |       |       |       |     9 |       ||     9
Invok: Lesser Servant of |       |       |       |       |     2 ||     2
 Abil: Heal Wounds       |     1 |     4 |    23 |     3 |     9 ||    40
Evoke: Wand              |       |     2 |    29 |    32 |     6 ||    69
       Lightning rod     |       |       |       |     6 |     3 ||     9
       Phantom mirror    |       |       |       |       |     1 ||     1
  Use: Scroll            |       |     5 |     6 |    22 |    12 ||    45
       Potion            |       |     1 |     1 |     7 |     3 ||    12
 Stab: Paralysed         |       |       |     5 |    16 |     5 ||    26
       Sleeping          |       |       |     1 |       |       ||     1
  Eat: Chunk             |     1 |     2 |     7 |     4 |    14 ||    28
       Ration            |       |     1 |     1 |     5 |     1 ||     8
Armor: Scale mail        |    62 |    56 |    43 |       |       ||   161
       Steam dragon scal |       |       |    99 |    48 |       ||   147
       Chain mail        |       |       |       |    61 |       ||    61
       Plate armour      |       |       |       |   152 |   144 ||   296
       Crystal plate arm |       |       |       |       |   401 ||   401
Dodge: Dodged            |    26 |    30 |   160 |   160 |   164 ||   540
Block: Shield            |    47 |    70 |    59 |       |       ||   176
       Other             |       |       |    17 |    44 |    72 ||   133
       Reflection        |       |       |       |     1 |     1 ||     2

Vault maps used:
D:1:      dpeg_arrival_three_bigger_balls
D:2:      cheibrodos_helix_gallery, hangedman_glass_teeth
D:3:      gammafunk_steamed_eel
D:4:      uniq_duvessa, uniq_menkaure, uniq_eustachio
D:5:      kennysheep_mini, first_ration, nicolae_ru_awakened_eye,
          uniq_blork_the_orc
D:6:      kennysheep_slugbush, gammafunk_temple_overflow_pools,
          nicolae_overflow_crystal_walls, serial_shops, nicolae_shop_stone,
          kennysheep_opposing_triangles
D:7:      minmay_temple_entry_mist
D:8:      serial_shops, shop, grunt_livestock, uniq_prince_ribbit1
D:9:      hangedman_cross_cluster, basic_altar, minmay_misc_feat_roman
D:10:     dpeg_oklobed_lair, minmay_misc_feat_x, uniq_psyche
D:11:     serial_shops, shop, serial_bayou, serial_bayou_shore_a,
          serial_bayou_lagoon_a, serial_bayou_shore_b, serial_bayou_pond_c,
          portal_ice_cave_rime, basic_altar, basic_loot_grate_trap
D:12:     cheibrodos_ideogram_h, minmay_orc_entry_temple_small,
          nicolae_trove_entry_crossroad, basic_altar, serial_shops,
          nicolae_shop_statue_plus
Temple:   hc_temple_tempest_star
Lair:2:   minmay_swamp_entry_worms, st_stairs_13, kennysheep_abandoned_house
Lair:3:   grunt_megastairs_4, lemuel_fruit_tree
Lair:4:   nicolae_spider_entry_non_spiders, minivault_24, forest_entry_grove,
          grunt_megastairs_5
Lair:5:   slime_altar_1, minmay_lair_drake_nest
Lair:6:   evilmike_catoblepas_cave
Orc:1:    basic_altar, serial_shops, shop
Orc:2:    pf_orc_diabolical, serial_shops, bzr_in_the_mist
Bazaar:   bazaar_general_marketplace
IceCv:    ice_cave_small_necro

Table legend:
 A = Turns spent in this place as a percentage of turns spent in the entire game.
 B = Non-inter-level travel turns spent in this place as a percentage of non-inter-level travel turns spent in the entire game.
 C = Inter-level travel turns spent in this place as a percentage of turns spent in this place.
 D = Turns resting spent in this place as a percentage of non-inter-level travel turns spent in this place.
 E = Turns spent auto-exploring this place as a percentage of non-inter-level travel turns spent in this place.
 F = Non-inter-level travel turns spent in this place divided by the number of levels of this place that you've seen.
                   A       B       C       D       E      F
               +-------+-------+-------+-------+-------+----------------------
         Total | 100.0 | 100.0 |   8.8 |   0.0 |  65.1 | 706.4
       Dungeon |  60.3 |  59.8 |   9.6 |   0.0 |  65.5 | 809.5
        Temple |   2.4 |   2.5 |   5.4 |   0.0 |  95.3 | 402.0
          Lair |  31.3 |  31.3 |   8.8 |   0.1 |  69.0 | 847.5
  Orcish Mines |   3.7 |   3.9 |   4.4 |   0.0 |  25.4 | 315.5
        Bazaar |   0.2 |   0.3 |   0.0 |   0.0 |  27.9 |  43.0
      Ice Cave |   2.1 |   2.3 |   0.0 |   0.0 |  41.6 | 373.0
               +-------+-------+-------+-------+-------+----------------------

Table legend:
 A = Kills in this place as a percentage of kills in entire the game.
 B = Kills by you in this place as a percentage of kills by you in the entire game.
 C = Kills by friends in this place as a percentage of kills by friends in the entire game.
 D = Other kills in this place as a percentage of other kills in the entire game.
 E = Experience gained in this place as a percentage of experience gained in the entire game.
 F = Experience gained in this place divided by the number of levels of this place that you have seen.
                   A       B       C       D       E      F
               +-------+-------+-------+-------+-------+----------------------
         Total | 100.0 | 100.0 | 100.0 | 100.0 | 100.0 | 5050.4
       Dungeon |  48.5 |  48.5 |   0.0 | 100.0 |  25.5 | 2469.3
          Lair |  32.3 |  32.4 |   0.0 |   0.0 |  55.9 | 10825.0
  Orcish Mines |  12.0 |  11.8 | 100.0 |   0.0 |  13.1 | 7618.5
      Ice Cave |   7.3 |   7.3 |   0.0 |   0.0 |   5.5 | 6340.0
               +-------+-------+-------+-------+-------+----------------------
